Map: Proxima Station LE

Players

Bly

  • Race: Zerg Zerg
  • Spawn Location: 1:00

Has - Winner!

  • Race: Protoss Protoss
  • Spawn Location: 7:00

Event: WCS Valencia 2017

VOD

Have the link to the VOD?

Description

Time

  • Played on: July 13, 2017, 12:34 p.m.
  • Length: 12:02

All games in this series

Show
View Real Time Build Order
Export as new Build Order

Bly Zerg 

Build Orders: Hatch First 

Get SALT Encoding   

  12  0:01  Drone  
  13  0:12  Overlord  
  13  0:17  Drone  
  14  0:31  Drone x2  
  14  0:34  Drone  
  17  0:53  Hatchery  
  17  0:57  Drone  
  17  1:00  Drone  
  18  1:08  Extractor  
  17  1:18  Spawning Pool  
  16  1:20  Drone  
  16  1:23  Drone  
  18  1:30  Drone  
  19  1:41  Overlord  
  18  1:51  Drone  
  19  2:01  Drone  
  19  2:04  Queen  
  19  2:05  Queen  
  24  2:09  Zergling x2  
  24  2:13  Metabolic Boost  
  25  2:19  Drone  
  26  2:24  Drone x2  
  26  2:29  Drone  
  29  2:35  Drone  
  30  2:46  Hatchery  
  29  2:55  Drone x2, Overlord  
  31  3:02  Queen  
  33  3:08  Drone x2  
  35  3:14  Drone x2  
  35  3:15  Drone  
  35  3:19  Overlord  
  38  3:22  Overlord  
  38  3:28  Zergling x6  
  38  3:31  Zergling x2  
  42  3:39  Drone x3  
  45  3:47  Overlord  
  45  3:50  Drone x2  
  45  3:51  Drone x4  
  51  3:57  Overlord  
  51  4:00  Queen  
  52  4:10  Drone x3  
  52  4:11  Drone  
  55  4:17  Overlord  
  55  4:18  Drone x3  
  58  4:28  Overlord  
  58  4:29  Queen  
  58  4:30  Drone x2  
  58  4:31  Drone x4  
  65  4:34  Extractor  
  64  4:40  Queen x2  
  68  4:50  Roach Warren  
  65  5:00  Extractor  
  65  5:01  Zergling x2, Overlord  
  65  5:02  Zergling x12  
  71  5:08  Evolution Chamber  
  71  5:10  Evolution Chamber  
  71  5:13  Overlord x3  
  69  5:32  Roach  
  69  5:33  Roach x7  
  69  5:34  Roach Warren  
  84  5:36  Roach x5  
  94  5:48  Overlord  
  94  5:51  Overlord  
  94  5:52  Roach x5  
  104  5:58  Drone x3  
  104  6:00  Overlord  
  104  6:02  Overlord  
  107  6:10  Roach x3  
  113  6:11  Spore Crawler  
  110  6:27  Zergling x18  
  117  6:40  Spore Crawler  
  117  6:46  Spore Crawler  
  113  6:47  Spore Crawler  
  113  6:50  Drone x7  
  117  6:54  Lair  
  115  7:07  Drone x2  
  116  7:12  Drone x2  
  118  7:18  Drone  
  119  7:26  Spawning Pool, Overlord  
  118  7:32  Extractor  
  118  7:34  Extractor  
  116  7:43  Overlord  
  116  7:52  Drone x3  
  116  7:55  Overseer  
  116  7:57  Drone x2  
  121  8:02  Overlord  
  121  8:04  Hatchery, Drone  
  121  8:07  Spire  
  117  8:20  Overlord  
  117  8:30  Hatchery  
  117  8:34  Drone x3  
  118  8:35  Drone x7  
  126  8:44  Extractor  
  125  8:55  Glial Reconstitution  
  125  9:22  Mutalisk x12  
  150  9:31  Hatchery  
  149  9:38  Mutalisk x2  
  149  9:43  Zergling x16  
  149  9:44  Hatchery  
  160  10:03  Zergling x4  
  160  10:05  Overlord  
  170  10:07  Overlord  
  170  10:08  Hatchery  
  163  10:15  Hydralisk Den  
  163  10:19  Overlord  
  131  10:24  Queen x3  
  136  10:33  Spore Crawler  
  136  10:34  Spore Crawler  
  132  10:36  Spore Crawler  
  132  10:37  Spore Crawler x2  
  132  10:38  Spore Crawler, Roach x9  
  132  10:39  Roach x5  
  146  10:43  Spore Crawler  
  135  10:52  Hydralisk x5  
  127  11:06  Roach x7  
  121  11:11  Roach  
  121  11:12  Roach x2  
  107  11:20  Queen x2  
  107  11:22  Roach  
  87  11:32  Roach x3  
  73  11:36  Roach x3  
  64  11:41  Roach  
Show
View Real Time Build Order
Export as new Build Order

Has Protoss - Winner!

Build Orders: 1 Gate Expand 

Get SALT Encoding   

  12  0:00  Probe (Chrono Boost)  
  13  0:11  Probe (Chrono Boost)  
  14  0:18  Pylon  
  14  0:22  Probe (Chrono Boost)  
  15  0:36  Probe (Chrono Boost)  
  15  0:38  Gateway  
  16  0:44  Assimilator  
  16  0:48  Probe (Chrono Boost)  
  17  0:58  Probe (Chrono Boost)  
  18  1:09  Probe (Chrono Boost)  
  19  1:23  Nexus  
  20  1:25  Probe (Chrono Boost)  
  20  1:36  Probe (Chrono Boost)  
  21  1:41  Cybernetics Core  
  21  1:48  Assimilator  
  21  1:52  Probe (Chrono Boost)  
  22  1:58  Pylon  
  22  2:03  Probe (Chrono Boost)  
  23  2:17  Probe (Chrono Boost), Stargate  
  23  2:22  Adept (Chrono Boost)  
  26  2:28  Probe  
  27  2:30  Warp Gate  
  27  2:36  Probe (Chrono Boost)  
  27  2:40  Probe (Chrono Boost)  
  29  2:48  Probe (Chrono Boost)  
  32  2:51  Probe (Chrono Boost)  
  32  2:57  Probe (Chrono Boost)  
  33  3:00  Void Ray (Chrono Boost)  
  33  3:02  Probe  
  37  3:07  Probe  
  38  3:14  Probe  
  38  3:18  Probe  
  40  3:21  Twilight Council  
  40  3:26  Probe  
  41  3:28  Probe  
  42  3:36  Robotics Facility  
  42  3:38  Probe  
  42  3:39  Probe  
  44  3:46  Assimilator  
  44  3:49  Assimilator  
  44  3:55  Gateway  
  44  3:59  Gateway x2  
  44  4:04  Gateway  
  44  4:06  Charge (Chrono Boost)  
  44  4:15  Probe  
  42  4:17  Probe  
  43  4:30  Gateway  
  44  4:31  Gateway  
  44  4:38  Warp Prism (Chrono Boost)  
  42  4:44  Pylon  
  44  4:50  Probe x2  
  44  4:51  Pylon  
  46  5:00  Pylon  
  46  5:06  Gateway  
  46  5:10  Zealot x3  
  46  5:11  Zealot  
  54  5:17  Warp Prism (Chrono Boost)  
  54  5:19  Probe  
  54  5:20  Probe, Dark Shrine  
  58  5:50  Zealot x6  
  58  5:53  Pylon  
  58  5:55  Pylon  
  70  5:57  Pylon  
  62  6:27  Probe  
  62  6:28  Probe  
  62  6:30  Pylon  
  60  6:33  Dark Templar x5  
  60  6:34  Dark Templar x2  
  60  6:38  Probe  
  71  6:40  Probe  
  72  6:49  Probe  
  72  6:53  Probe  
  74  6:59  Probe  
  71  7:05  Probe  
  72  7:13  Probe  
  69  7:16  Immortal (Chrono Boost)  
  69  7:17  Probe  
  69  7:20  Stargate  
  74  7:23  Zealot x5, Probe, Stargate  
  74  7:24  Stargate  
  79  7:51  Pylon  
  79  7:55  Phoenix (Chrono Boost)  
  79  7:58  Probe  
  81  7:59  Probe  
  81  8:05  Pylon  
  83  8:06  Zealot, Pylon  
  83  8:07  Pylon  
  83  8:09  Probe  
  86  8:15  Nexus, Phoenix (Chrono Boost)  
  86  8:16  Phoenix (Chrono Boost)  
  86  8:18  Pylon, Protoss Air Weapons Level 1 (Chrono Boost)  
  86  8:19  Phoenix (Chrono Boost)  
  90  8:28  Phoenix (Chrono Boost)  
  90  8:37  Phoenix (Chrono Boost)  
  90  8:41  Probe x2, Phoenix (Chrono Boost)  
  96  8:44  Phoenix (Chrono Boost)  
  98  8:53  Probe x2, Phoenix (Chrono Boost)  
  102  8:57  Assimilator  
  102  9:01  Assimilator, Phoenix (Chrono Boost)  
  104  9:05  Probe  
  107  9:16  Dark Templar  
  107  9:22  Phoenix (Chrono Boost)  
  109  9:26  Probe  
  110  9:32  Phoenix (Chrono Boost)  
  110  9:34  Archon  
  110  9:35  Archon  
  114  9:38  Phoenix (Chrono Boost)  
  114  9:39  Phoenix (Chrono Boost)  
  116  9:51  Pylon, Phoenix  
  116  9:52  Pylon, Phoenix  
  118  10:03  Phoenix  
  118  10:05  Phoenix  
  122  10:08  Zealot  
  122  10:09  Zealot x5  
  134  10:16  Phoenix  
  134  10:19  Phoenix  
  136  10:30  Zealot  
  136  10:31  Zealot x4  
  146  10:49  Zealot  
  148  10:50  Zealot x2  
  148  10:51  Zealot x4  
  135  11:14  Zealot  
  135  11:15  Zealot x3  
  135  11:16  Zealot x3  
Tags
 
Add a new tag
Caveats
  • Supply blocks, unpowered buildings, or Contaminate may cause inaccurate times.
  • Supply counts are checked every 10 seconds.